 Dungeon Crawl Stone Soup version 0.30.0-30-g96aa6591b8 (webtiles) character file.

Game seed: 10374734729178859691

1351 Dadi the Jinx (level 8, 0/41 HPs)
             Began as a Deep Elf Conjurer on June 26, 2023.
             Slain by a steam dragon (10 damage)
             ... on level 5 of the Dungeon.
             The game lasted 00:11:02 (6086 turns).

Dadi the Jinx (Deep Elf Conjurer)                   Turns: 6086, Time: 00:11:02

Health: 0/41       AC:  3    Str: 10    XL:     8   Next: 36%
Magic:  15/20      EV: 11    Int: 28    God:
Gold:   380        SH:  0    Dex: 11    Spells: 11/21 levels left

rFire   . . .        o - +0 hand axe of Semaloh {freeze, rElec Str+6 Dex-2}
rCold   . . .        (no shield)
rNeg    . . .        B - +0 leather armour of Hoiguni {Rampage rElec Int+2 Stlth+}
rPois   .            (no helmet)
rElec   +            (no cloak)
rCorr   .            (no gloves)
SInv    .            (no boots)
Will    .....        (no amulet)
Stlth   +++          (no ring)
HPRegen 0.26/turn    (no ring)
MPRegen 0.17/turn

%: rampage
@: no status effects
A: no striking features
a: no special abilities


You were on level 5 of the Dungeon.
You visited 1 branch of the dungeon, and saw 6 of its levels.
You also visited: Ossuary.

You collected 380 gold pieces.

Inventory:

Hand Weapons
 o - the +0 hand axe of Semaloh (weapon) {freeze, rElec Str+6 Dex-2}
   (You found it on level 4 of the Dungeon)

   Str:       It affects your strength (+6).
   Dex:       It affects your dexterity (-2).
   rElec:     It insulates you from electricity.
Missiles
 f - a throwing net
Armour
 a - a +0 robe
 B - the +0 leather armour of Hoiguni (worn) {Rampage rElec Int+2 Stlth+}
   (You found it on level 5 of the Dungeon)

   Int:       It affects your intelligence (+2).
   rElec:     It insulates you from electricity.
   Rampage:   It bestows one free step when moving towards enemies.
   Stlth:     It makes you more stealthy.
Wands
 u - a wand of digging (4)
Scrolls
 c - a scroll of magic mapping
 d - 2 scrolls of noise {unknown}
 e - 7 scrolls of identify {unknown}
 g - a scroll of vulnerability {unknown}
 i - a scroll of blinking {unknown}
 j - 2 scrolls of fear {unknown}
 l - 2 scrolls of teleportation {unknown}
 m - a scroll of enchant weapon {unknown}
 n - 2 scrolls of amnesia {unknown}
 r - a scroll of torment {unknown}
 t - a scroll of fog {unknown}
 y - a scroll of brand weapon {unknown}
Potions
 b - 2 potions of magic
 h - 4 potions of curing {unknown}
 k - a potion of might {unknown}
 p - 2 potions of resistance {unknown}
 q - 2 potions of haste {unknown}
 s - 2 potions of degeneration {unknown}
 v - a potion of attraction {unknown}
 w - a potion of brilliance {unknown}
 x - a potion of heal wounds
 z - a potion of cancellation {unknown}
 A - a potion of lignification {unknown}


   Skills:
 - Level 2.4 Dodging
 - Level 2.4 Stealth
 - Level 7.0 Spellcasting
 - Level 7.0 Conjurations
 + Level 9.8 Hexes


You had 11 spell levels left.
You knew the following spells:

 Your Spells              Type           Power      Damage    Failure   Level
a - Magic Dart            Conj           100%       1d8       1%          1
b - Searing Ray           Conj           98%        2d8       1%          2
c - Dazzling Flash        Conj/Hex       100%       N/A       1%          3
d - Fulminant Prism       Conj/Hex       27%        3d14      2%          4

Your spell library contained the following spells:

 Spells                   Type           Power      Damage    Failure   Level
 Apportation              Tloc           18%        N/A       8%          1
 Necrotise                Necr           36%        1d5       8%          1
 Summon Small Mammal      Summ           36%        N/A       8%          1
 Iskenderun's Mystic Bla  Conj/Tloc      29%        2d7       17%         4


Dungeon Overview and Level Annotations

Branches:
Dungeon (6/15)            Ossuary (visited)
 Temple: D:4-7

Altars:
Hepliaklqana
Kikubaaqudgha
Makhleb
Okawaru
Sif Muna
Yredelemnul

Annotations:
D:3 2 transporters, Grinder, Menkaure
D:6 Prince Ribbit


Message History

The ogre hits you with a +0 giant club!
* * * LOW HITPOINT WARNING * * *
The searing ray hits the ogre!
You kill the ogre!
You finish channelling your searing ray.
You start resting.
Magic restored.
You start resting.
HP restored.
You climb downwards.
Level annotation: Prince Ribbit
There is a stone staircase leading up here.
The steam dragon bites you! The steam dragon barely misses you.
You climb upwards.
There is a stone staircase leading down here.
Casting: Searing Ray (safe; 1% risk of failure)
Confirm with . or Enter, or press ? or * to list all spells.
Aiming: Searing Ray (safe; 1% risk of failure)
Press: ? - help, Shift-Dir - straight line, f - steam dragon
Aim: a steam dragon (83% to hit)
The searing ray hits the steam dragon.
The steam dragon is lightly wounded. (Press . to maintain the ray.)
The steam dragon bites you. The steam dragon closely misses you.
The searing ray hits the steam dragon but does no damage.
The steam dragon is lightly wounded.
The steam dragon breathes steam at you. The ball of steam hits you!
The searing ray hits the steam dragon.
The steam dragon is moderately wounded.
You are engulfed in a cloud of scalding steam.
The steam dragon bites you.
* * * LOW HITPOINT WARNING * * *
The steam dragon claws you.
* * * LOW HITPOINT WARNING * * *
The searing ray hits the steam dragon!
The steam dragon is heavily wounded.
You finish channelling your searing ray.
The steam dragon bites you!
You die...

#.#.#...#.#.########...
#.#.......#............
#.#.#####.#.#########.#
#.....†.....# #.#
###)##....### #.#
#.##...## #.# #.##..##
#.# #.##.D# #########.#
#.##@## #......>..#
#.##)######.#######.#
#...........# #..
####.#####.## ### #.#
#.# # #.# #.##########
#.## #.#......... #..#
#.#.#######. ##.# #.#.#
#)


You could see a steam dragon.

Vanquished Creatures
  A sky beast (D:5)
  An ice beast (D:5)
  2 ogres (D:5)
  A scorpion (D:5)
  6 water moccasin zombies (Ossuary)
  An orc priest (D:5)
  3 hounds
  A sleepcap (D:5)
  An iguana (D:4)
  Ijyb (D:4)
  Natasha (thrice) (D:2)
  3 orc wizards
  2 mummies (Ossuary)
  4 gnolls (D:4)
  10 adders
  A white imp (D:5)
  4 adder zombies (Ossuary)
  2 worms (D:3)
  3 dart slugs
  8 orcs
  6 ball pythons
  6 bats
  5 endoplasms
  8 goblins
  3 hobgoblins
  2 kobolds
  2 frilled lizards
  2 gnoll zombies (Ossuary)
  6 hobgoblin zombies (Ossuary)
  3 kobold zombies (Ossuary)
  8 orc zombies (Ossuary)
  6 rats
115 creatures vanquished.

Vanquished Creatures (others)
  An orc (D:6)
  8 fulminant prisms
9 creatures vanquished.

Grand Total: 124 creatures vanquished

Notes
Turn   | Place    | Note
-------+----------+-------------------------------------------
     0 | D:1      | Dadi the Deep Elf Conjurer began the quest for the Orb.
     0 | D:1      | Reached XP level 1. HP: 10/10 MP: 6/6
   208 | D:1      | Reached XP level 2. HP: 15/15 MP: 5/8
  1095 | D:2      | Reached skill level 5 in Conjurations
  1095 | D:2      | Reached XP level 3. HP: 19/19 MP: 5/10
  1098 | D:2      | Learned a level 2 spell: Searing Ray
  1102 | D:2      | Learned a level 3 spell: Dazzling Flash
  1312 | D:2      | Found a faded altar of an unknown god.
  1404 | D:2      | Noticed Natasha
  1409 | D:2      | Killed Natasha
  1410 | D:2      | Reached XP level 4. HP: 8/24 MP: 4/12
  1872 | D:2      | You fall into a shaft and drop 2 floors!
  1894 | D:4      | Reached skill level 5 in Spellcasting
  2005 | D:4      | Noticed Ijyb
  2006 | D:4      | Identified the +0 hand axe of Semaloh {freeze, rElec Str+6
                  | Dex-2}
  2058 | D:4      | Reached XP level 5. HP: 28/28 MP: 9/15
  2111 | D:4      | Found a sand-covered staircase.
  2126 | Ossuary  | Entered an ossuary
  2352 | Ossuary  | Learned a level 4 spell: Fulminant Prism
  2357 | Ossuary  | Reached skill level 1 in Hexes
  2357 | Ossuary  | Reached XP level 6. HP: 18/32 MP: 7/17
  2361 | Ossuary  | Reached skill level 2 in Hexes
  2543 | Ossuary  | Reached skill level 3 in Hexes
  2590 | Ossuary  | Reached XP level 7. HP: 36/36 MP: 10/19
  2825 | D:4      | Killed Ijyb
  2826 | D:4      | Reached skill level 4 in Hexes
  3094 | D:3      | Found a transporter.
  3096 | D:3      | Found an ancient bone altar of Kikubaaqudgha.
  3098 | D:3      | Noticed Menkaure
  3100 | D:3      | Noticed Grinder
  3101 | D:3      | Found a basalt altar of Yredelemnul.
  3234 | D:2      | Noticed Natasha
  3238 | D:2      | Killed Natasha
  3239 | D:2      | Reached skill level 5 in Hexes
  3533 | D:2      | Noticed Natasha
  3541 | D:2      | Killed Natasha
  3606 | D:3      | Found a hazy altar of Hepliaklqana.
  3631 | D:3      | Found an iron altar of Okawaru.
  3934 | D:3      | Found a shimmering blue altar of Sif Muna.
  4010 | D:3      | Found a transporter.
  4576 | D:4      | Reached skill level 6 in Hexes
  4833 | D:5      | Entered Level 5 of the Dungeon
  4901 | D:5      | Identified the +0 leather armour of Hoiguni {Rampage rElec
                  | Int+2 Stlth+}
  4981 | D:5      | Reached skill level 7 in Hexes
  5023 | D:5      | Found a burning altar of Makhleb.
  5233 | D:5      | Reached XP level 8. HP: 41/41 MP: 17/20
  5433 | D:5      | Reached skill level 8 in Hexes
  5886 | D:6      | Noticed Prince Ribbit
  5901 | D:5      | Reached skill level 9 in Hexes
  6086 | D:5      | Slain by a steam dragon

Illustrated notes

Levels and vault maps discovered:
D:1:      co_arrival_square_in_a_square_in_a_square, layout_basic
D:2:      layout_basic, chequers_ecumenical_altar_island, kennysheep_nub,
          minivault_19, uniq_natasha
D:3:      layout_basic, gammafunk_temple_of_torment, okawaru_gym_becter,
          mainiacjoe_overflow_concentric_impassable,
          nicolae_hepliaklqana_hazy_memory, uniq_grinder
D:4:      layout_basic, chequers_ossuary_entry_cave, uniq_ijyb
D:5:      layout_loops_ring, mainiacjoe_overflow_cross_hatched
D:6:      layout_basic, minmay_misc_feat_x, hangedman_decor_points,
          nicolae_fountain_basement, uniq_prince_ribbit1

Skill      XL: |  1  2  3  4  5  6  7  8 |
---------------+-------------------------+-----
Spellcasting   | 4 5 6 7 |  7.0
Conjurations   | 5 6 7 |  7.0
Hexes          | 1 3 7 9 |  9.8
Dodging        | |  2.4
Stealth        | |  2.4

Action                     |  1- 3 |  4- 6 |  7- 9 || total
---------------------------+-------+-------+-------++-------
  Melee: Hand axe          |       |       |     2 ||     2
   Cast: Magic Dart        |    40 |    15 |    85 ||   140
         Searing Ray       |     1 |    15 |    17 ||    33
         Fulminant Prism   |       |     3 |     5 ||     8
    Use: Scroll            |       |     1 |       ||     1
         Potion            |       |       |     1 ||     1
 Armour: Robe              |     1 |       |     2 ||     3
         Leather armour    |       |       |     3 ||     3
  Dodge: Dodged            |       |    11 |    35 ||    46
